 Dungeon Crawl Stone Soup version 0.20-a0-1025-g4706f7e (webtiles) character file.

1009 Jarlath the Frost Mage (level 8, -3/41 HPs)
             Began as a Deep Elf Ice Elementalist on Apr 19, 2017.
             Slain by a worker ant (8 damage)
             ... on level 5 of the Dungeon.
             The game lasted 00:07:44 (6065 turns).

Jarlath the Frost Mage (Deep Elf Ice Elementalist)  Turns: 6065, Time: 00:07:45

Health: -3/41      AC:  3    Str: 10    XL:     8   Next: 1%
Magic:  15/19      EV: 13    Int: 21    God:
Gold:   367        SH:  0    Dex: 15    Spells: 8/20 levels left

rFire    + . .     SeeInvis .   r - +2 flail (protect)
rCold    . . .     Gourm    .   (no shield)
rNeg     . . .     Faith    .   a - +1 robe
rPois    +         Spirit   .   (no helmet)
rElec    .         Reflect  .   (no cloak)
rCorr    .         Harm     .   (no gloves)
MR       .....                  (no boots)
Stlth    ++........             (no amulet)
Regen    0.2/turn               d - +5 ring of strength
MPRegen  0.2/turn               (no ring)

@: no status effects
A: dopey 1, fire resistance 1, poison resistance
a: no special abilities


You were on level 5 of the Dungeon.
You were not hungry.

You visited 1 branch of the dungeon, and saw 6 of its levels.

You collected 367 gold pieces.

Inventory:

Hand Weapons
 r - a +2 flail of protection (weapon)
Armour
 a - a +1 robe (worn)
Jewellery
 d - a +5 ring of strength (left hand)
 e - an uncursed ring of see invisible {unknown}
 i - an uncursed amulet of magic regeneration {unknown}
 j - an uncursed amulet of the gourmand
 m - an uncursed ring of poison resistance {unknown}
Wands
 k - a wand of clouds (6/9)
Scrolls
 g - a scroll of magic mapping
Books
 b - a book of Frost

   Spells                             Type                      Level
   a - Freeze                         Ice                          1
   b - Throw Frost                    Conjuration/Ice              2
   c - Ozocubu's Armour               Charms/Ice                   3
   d - Throw Icicle                   Conjuration/Ice              4
   e - Summon Ice Beast               Ice/Summoning                4
Comestibles
 c - 2 meat rations
 f - a chunk of flesh
 l - 2 bread rations
 n - a royal jelly


   Skills:
 - Level 2.4 Dodging
 - Level 2.4 Stealth
 + Level 6.6 Spellcasting
 + Level 5.0 Conjurations
 * Level 8.0 Ice Magic


You had 8 spell levels left.
You knew the following spells:

 Your Spells              Type           Power        Failure   Level  Hunger
a - Freeze                Ice            ####         1%          1    None
b - Ozocubu's Armour      Chrm/Ice       ###.....     5%          3    #......
c - Throw Icicle          Conj/Ice       ####....     6%          4    ###....
d - Summon Ice Beast      Ice/Summ       ###.....     17%         4    ###....


Dungeon Overview and Level Annotations

Branches:
Dungeon (6/15)
 Temple: D:4-7

Altars:
Makhleb
Qazlal

Annotations:
D:6 Pikel


Innate Abilities, Weirdness & Mutations

You are dopey. (Int -2)
Your flesh is heat resistant. (rF+)
Your system is resistant to poisons. (rPois)


Message History

There is an escape hatch in the ceiling here.
You aren't carrying any potions.
Unknown command.
The worker ant barely misses you. The slave closely misses you.
The adder barely misses you. A mysterious force pulls you upwards.
The hatch slams shut behind you.
Unknown command.
The worker ant barely misses you.
Okay, then.
The worker ant misses you.
There is an open door here.
Casting: Freeze
Confirm with . or Enter, or press ? or * to list all spells.
Aiming: Throw Icicle
Press: ? - help, Shift-Dir - straight line, f - worker ant
Aim: a worker ant The shard of ice hits the worker ant.
The worker ant is moderately wounded.
The worker ant bites you!
You die...

#.#.....#8)..8#....#######.......
#.......###)###....#.....#.......
###.....)..........###.###.......
#.....)...##.......#.#.........
#.#+####...........#.#.#######.
#.#.# #...............#.....#.
###+#.# #............##.#..##.#.
......####.....#'#######.#+#.....
.........#.....#@# #.........<
.....###.#....<#a### #..........
.....'.....###..p..# #..........
.....###.....'.....# #.....####.
.....#########.....####.....# #.
.............'.............(####.
..........####.................#.
..........# #.................#.
..........# #########.........#.


You could see a slave and a worker ant.

Vanquished Creatures
  Menkaure (D:5)
  2 slaves (D:5)
  3 phantoms
  A centaur (D:5)
  An orc priest (D:3)
  A crimson imp (D:5)
  A hound (D:4)
  2 centaur skeletons (D:4)
  An iguana (D:4)
  3 orc wizards
  3 worker ants
  2 hound skeletons
  A howler monkey skeleton (D:4)
  8 adders
  A shadow imp (D:4)
  2 oozes (D:1)
  An adder skeleton (D:4)
  A worm (D:3)
  A dart slug (D:1)
  5 leopard geckos
  18 orcs
  2 ball pythons
  8 bats
  10 giant cockroaches
  7 goblins
  6 hobgoblins
  3 jackals (D:1)
  6 kobolds
  4 quokkas
  6 frilled lizards
  A jackal zombie (D:5)
  A leopard gecko skeleton (D:5)
  6 rats
119 creatures vanquished.

Notes
Turn   | Place    | Note
-------+----------+-------------------------------------------
     0 | D:1      | Jarlath the Deep Elf Ice Elementalist began the quest for the Orb.
     0 | D:1      | Reached XP level 1. HP: 10/10 MP: 6/6
    68 | D:1      | Reached XP level 2. HP: 9/15 MP: 2/8
   281 | D:1      | Reached skill level 4 in Ice Magic
   460 | D:1      | Reached XP level 3. HP: 16/19 MP: 5/10
   699 | D:2      | Learned a level 3 spell: Ozocubu's Armour
  1276 | D:3      | Reached XP level 4. HP: 24/24 MP: 7/12
  1289 | D:3      | Learned a level 4 spell: Throw Icicle
  1384 | D:3      | Reached skill level 5 in Ice Magic
  2132 | D:3      | Reached XP level 5. HP: 19/28 MP: 8/13
  2548 | D:3      | Found a stormy altar of Qazlal.
  2973 | D:4      | Noticed a phantom
  3036 | D:4      | Killed a phantom
  3036 | D:4      | Reached skill level 5 in Spellcasting
  3036 | D:4      | Reached skill level 6 in Ice Magic
  3036 | D:4      | Reached XP level 6. HP: 19/32 MP: 12/15
  4068 | D:4      | Reached XP level 7. HP: 36/36 MP: 17/17
  4085 | D:4      | Learned a level 4 spell: Summon Ice Beast
  4341 | D:5      | Entered Level 5 of the Dungeon
  4635 | D:5      | Reached skill level 7 in Ice Magic
  4737 | D:5      | Gained mutation: Your system is resistant to poisons. (rPois) [potion of mutation]
  4737 | D:5      | Gained mutation: You are dopey. (Int -2) [potion of mutation]
  4737 | D:5      | Gained mutation: Your flesh is heat resistant. (rF+) [potion of mutation]
  4838 | D:5      | Found a burning altar of Makhleb.
  4844 | D:5      | Noticed Menkaure
  4858 | D:5      | HP: 1/36 [quokka (2)]
  5480 | D:5      | Killed Menkaure
  5686 | D:5      | Reached skill level 5 in Conjurations
  5686 | D:5      | Reached XP level 8. HP: 17/41 MP: 8/19
  5909 | D:6      | Noticed Pikel
  6039 | D:6      | Reached skill level 8 in Ice Magic
  6065 | D:5      | Slain by a worker ant

Vault maps used:
D:1:      co_arrival_hexagon_in_a_hexagon
D:2:      minmay_misc_feat_tiny
D:3:      nicolae_qazlal_eye_of_the_storm
D:5:      first_bread, basic_altar, minmay_misc_feat_hallway, grunt_decor_cap,
          uniq_menkaure
D:6:      uniq_pikel

Skill      XL: |  1  2  3  4  5  6  7  8 |
---------------+-------------------------+-----
Ice Magic      | 4 5 6 7 8 |  8.0
Spellcasting   | 4 5 6 |  6.6
Conjurations   | 3 4 5 |  5.0
Dodging        | |  2.4
Stealth        | |  2.4

Action                   |  1- 3 |  4- 6 |  7- 9 || total
-------------------------+-------+-------+-------++-------
Melee: Unarmed           |    15 |     4 |       ||    19
       Flail             |       |    68 |    58 ||   126
 Cast: Freeze            |    65 |    51 |    20 ||   136
       Ozocubu's Armour  |       |     4 |       ||     4
       Throw Icicle      |       |     5 |    22 ||    27
       Summon Ice Beast  |       |       |     2 ||     2
  Use: Scroll            |       |    12 |     4 ||    16
       Potion            |       |     6 |     4 ||    10
 Stab: Sleeping          |     2 |     2 |     1 ||     5
  Eat: Chunk             |       |     4 |     3 ||     7
       Bread ration      |       |     2 |       ||     2
       Meat ration       |       |       |     1 ||     1
Armor: Robe              |    13 |    34 |    29 ||    76
Dodge: Dodged            |    47 |    85 |    81 ||   213
